 Dungeon Crawl Stone Soup version 0.30-a0-1006-g5d778dfbfc (webtiles) character file.

Game seed: 9419582238459028610

193 senseless the Insei (level 5, -2/31 HPs)
             Began as an Octopode Transmuter on Apr 5, 2023.
             Slain by a kobold brigand
             ... wielding a +0 dagger
              (7 damage)
             ... on level 6 of the Dungeon.
             The game lasted 00:04:49 (2352 turns).

senseless the Insei (Octopode Transmuter)           Turns: 2352, Time: 00:04:49

Health: -2/31      AC:  1    Str: 17    XL:     5   Next: 72%
Magic:  7/9        EV: 14    Int: 14    God:
Gold:   71         SH:  0    Dex: 16    Spells: 8/9 levels left

rFire   . . .      SeeInvis .      - Unarmed
rCold   . . .      Faith    .    (no shield)
rNeg    . . .      Spirit   .    (helmet currently unavailable)
rPois   .          Reflect  .    (no amulet)
rElec   .          Rampage  .    b - +6 ring of strength
rCorr   .          Rage     3%   (no ring)
Will    .....                    (no ring)
Stlth   ++                       (no ring)
HPRegen 0.25/turn                (no ring)
MPRegen 0.11/turn                (no ring)
                                 (no ring)
                                 (no ring)

@: appendages (expiring)
A: tentacle spike 3, almost no armour, amphibious, 8 rings, camouflage 1,
gelatinous body 1, (nimble swimmer 1), tentacles, agile 1, berserk 1, frail 1,
subdued magic 1, devolution 1
a: End Transformation


You were on level 6 of the Dungeon.
One of your tentacles had grown a beastly spike.
You visited 1 branch of the dungeon, and saw 4 of its levels.

You collected 71 gold pieces.

Inventory:

Missiles
 c - 2 silver javelins
Jewellery
 b - a +6 ring of strength (left tentacle)
Scrolls
 f - 2 scrolls of teleportation
Potions
 a - a potion of lignification
 d - a potion of magic {unknown}
 g - a potion of berserk rage {unknown}
 h - 2 potions of might {unknown}


   Skills:
 + Level 2.4 Fighting
 + Level 3.1 Dodging
 + Level 3.8 Unarmed Combat
 + Level 2.9 Spellcasting
 + Level 3.0 Transmutations


You had 8 spell levels left.
You knew the following spells:

 Your Spells              Type           Power      Damage    Failure   Level
a - Beastly Appendage     Tmut           16%        N/A       4%          1

Your spell library contained the following spells:

 Spells                   Type           Power      Damage    Failure   Level
 Wereblood                Tmut           8%         N/A       8%          2
 Kiss of Death            Conj/Necr      4%         2d5       19%         1
 Necrotise                Necr           4%         1d4       19%         1
 Spider Form              Tmut/Pois      4%         N/A       30%         3
 Confusing Touch          Hex            1%         N/A       50%         3
 Vampiric Draining        Necr           1%         2d6       50%         3
 Ice Form                 Ice/Tmut       4%         N/A       71%         4
 Dispel Undead            Necr           1%         3d6       89%         4
 Agony                    Necr           1%         N/A       99%         5


Dungeon Overview and Level Annotations

Branches:
Dungeon (3/15)

Altars:


Innate Abilities, Weirdness & Mutations

One of your tentacles has grown a beastly spike.
You cannot wear most types of armour.
You are amphibious.
You can wear up to eight rings at the same time.
Your skin changes colour to match your surroundings (Stealth+).
Your rubbery body absorbs attacks. (AC +1, EV +1)
((You are camouflaged when in or above water. (Stealth+)))
You have tentacles for arms and can constrict up to eight enemies at once.
You are agile. (Dex +4, Str/Int -1)
You sometimes lose your temper in combat.
You are frail. (-10% HP)
Your spells are a little easier to cast, but a little less powerful.
You have hidden genetic defects.


Message History

You barely miss the kobold. Your grab misses the kobold.
You squeeze the kobold.
You kill the kobold!
You barely miss the black bear. Your grab misses the black bear.
The black bear closely misses you.
The black bear claws you but does no damage.
The black bear claws you.
You tentacle-slap the black bear. You grab the black bear.
You squeeze the black bear.
The black bear is moderately wounded.
Your transformation is almost over.
You constrict the black bear. The black bear bites you.
The black bear misses you. The black bear barely misses you.
You tentacle-slap the black bear.
You pierce the black bear.
The black bear is heavily wounded.
You constrict the black bear. The black bear bites you.
* * * LOW HITPOINT WARNING * * *
The black bear claws you.
* * * LOW HITPOINT WARNING * * *
The black bear barely misses you.
You tentacle-slap the black bear.
You pierce the black bear!
You kill the black bear!
Your Dodging skill increases to level 3!
Your Transmutations skill increases to level 3!
You have reached level 5!
You feel stronger.
You completely miss the kobold. Your grab misses the kobold.
Your tentacle spike misses the kobold.
You barely miss the kobold brigand. You grab the kobold brigand.
You pierce the kobold brigand, but do no damage.
You constrict the kobold brigand.
Okay, then.
You tentacle-slap the kobold brigand.
The kobold brigand is lightly wounded.
You constrict the kobold brigand. You barely miss the kobold brigand.
You squeeze the kobold brigand!
The kobold brigand is severely wounded.
You constrict the kobold brigand.
The kobold brigand hits you with a +0 dagger!
You die...

##### .# #...#
##.# #...#
#..#
#...#####.#
###.........#
#.....#.....##
###
#.######.##..#
#.. #.#
#.###.####.# #
#.# #.#
#.@KK#.#####..
#.# #.#
####K#.#......
#.# #.#
#.K.h......
#.# #.#
###.......#
####.# #.#
#.K$<......
.....# #.#
#..K..#####
###### #.....#
# ###...# #
.....


You could see a kobold brigand and 3 kobolds.

Vanquished Creatures
  A black bear (D:6)
  Terence (D:2)
  3 adders
  A dart slug (D:3)
  6 bats
  6 endoplasms
  3 giant cockroaches (D:1)
  2 goblins
  4 hobgoblins
  8 kobolds
  A quokka (D:1)
  3 ball pythons
  A frilled lizard (D:3)
  5 rats
45 creatures vanquished.

Notes
Turn   | Place    | Note
-------+----------+-------------------------------------------
     0 | D:1      | senseless the Octopode Transmuter began the quest for the
                  | Orb.
     0 | D:1      | Reached XP level 1. HP: 13/13 MP: 3/3
   251 | D:1      | Reached XP level 2. HP: 16/18 MP: 3/5
   684 | D:1      | Found a faded altar of an unknown god.
   916 | D:2      | Noticed Terence
   926 | D:2      | Killed Terence
   927 | D:2      | Reached XP level 3. HP: 10/24 MP: 4/6
  1186 | D:2      | Reached XP level 4. HP: 29/29 MP: 5/7
  2089 | D:2      | Gained mutation: You occasionally lose the ability to read
                  | scrolls when taking damage. [potion of mutation]
  2089 | D:2      | Gained mutation: You sometimes lose your temper in combat.
                  | [potion of mutation]
  2089 | D:2      | Gained mutation: You passively dampen the noise of your
                  | surroundings. [potion of mutation]
  2090 | D:2      | Lost mutation: You passively dampen the noise of your
                  | surroundings. [potion of mutation]
  2090 | D:2      | Lost mutation: You occasionally lose the ability to read
                  | scrolls when taking damage. [potion of mutation]
  2090 | D:2      | Gained mutation: You have hidden genetic defects. [potion
                  | of mutation]
  2090 | D:2      | Gained mutation: Your spells are a little easier to cast,
                  | but a little less powerful. [potion of mutation]
  2090 | D:2      | Gained mutation: You are agile. (Dex +4, Str/Int -1)
                  | [potion of mutation]
  2226 | D:3      | Gained mutation: You are frail. (-10% HP) [hidden defects]
  2291 | D:3      | You fall into a shaft and drop 3 floors!
  2334 | D:6      | Noticed a black bear
  2335 | D:6      | Noticed a kobold brigand
  2348 | D:6      | Killed a black bear
  2349 | D:6      | Reached XP level 5. HP: 4/31 MP: 6/9
  2352 | D:6      | Slain by a kobold brigand

Illustrated notes

Levels and vault maps discovered:
D:1:      evilmike_arrival_fibonacci_small, layout_basic,
          shapermc_ecumenical_altar_mp_highgroup, minmay_worlds_worst_comb
D:2:      layout_basic, serial_curves, eino_curves_03, eino_curves_03,
          eino_curves_02, eino_curves_02, kennysheep_generic_room_7,
          uniq_terence
D:3:      layout_loops_ring, hangedman_decor_push, kennysheep_generic_room_14
D:6:      layout_rooms, minmay_quadrilaterals, uniq_pikel

Skill      XL: |  1  2  3  4 |
---------------+-------------+-----
Fighting       | 2 |  2.4
Dodging        | 3 |  3.1
Transmutations | 3 |  3.0
Unarmed Combat | |  3.8
Spellcasting   | |  2.9

Action                     |  1- 3 |  4- 6 || total
---------------------------+-------+-------++-------
  Melee: Unarmed           |    53 |    52 ||   105
         Kick              |    23 |    13 ||    36
         Constrict         |    13 |    14 ||    27
         Tentacles         |     8 |    10 ||    18
         Punch             |     4 |       ||     4
   Cast: Beastly Appendage |    14 |    14 ||    28
    Use: Scroll            |       |     8 ||     8
         Potion            |       |     2 ||     2
   Stab: Sleeping          |     3 |     3 ||     6
 Armour: Skin              |     5 |     7 ||    12
  Dodge: Dodged            |    30 |    40 ||    70

Table legend: (Time is in decaauts)
 A = Elapsed time spent in this place.
 B = Non-inter-level travel time spent in this place.
 C = Inter-level travel time spent in this place.
 D = Time resting spent in this place.
 E = Time spent auto-exploring this place.
 F = Levels seen in this place.
 G = Mean time per level.
                   A        B        C        D        E       F      G
               +--------+--------+--------+--------+--------+-----+--------+
         Total |   2345 |   2293 |     52 |     52 |   1908 |   4 |  586.2 |
       Dungeon |   2345 |   2293 |     52 |     52 |   1908 |   4 |  586.2 |
               +--------+--------+--------+--------+--------+-----+--------+

Top non-repeatable levels by time:
     D:2: 1140 daAuts
     D:1: 968 daAuts
     D:3: 176 daAuts
     D:6: 59 daAuts
